 Dungeon Crawl Stone Soup version 0.26-a0-1080-g4c0aae810e (webtiles) character file.

Game seed: 12646905041165536260

238 night the Chiller (level 5, -4/25 HPs)
             Began as a Felid Ice Elementalist on Dec 14, 2020.
             Slain by a wight
             ... wielding a +3 halberd of freezing
              (13 damage)
             ... on level 6 of the Dungeon.
             The game lasted 00:17:36 (6464 turns).

night the Chiller (Felid Ice Elementalist)          Turns: 6464, Time: 00:17:37

Health: -4/25      AC:  2    Str:  4    XL:     5   Next: 78%
Magic:  21/21      EV: 18    Int: 19    God:
Gold:   303        SH:  0    Dex: 16    Spells: 1/12 levels left
                                        Lives:  0   Deaths: 2

rFire    . . .     SeeInvis +   (weapon unavailable)
rCold    . . .     Faith    +   (shield unavailable)
rNeg     . . .     Spirit   .   (armour unavailable)
rPois    .         Reflect  .   (helmet unavailable)
rElec    .         Harm     .   (cloak unavailable)
rCorr    .         Rampage  .   (gloves unavailable)
Will     .....                  (boots unavailable)
Stlth    +++.......             e - amulet of faith
HPRegen  0.08/turn              o - ring of magical power
MPRegen  0.17/turn              (no ring)

@: quick
A: very small, no armour, no weapons or thrown items, stealth, claws 1, fangs 3,
see invisible, speed 1, shaggy fur 2, sharp paws
a: no special abilities


You were on level 6 of the Dungeon.
You visited 1 branch of the dungeon, and saw 6 of its levels.

You collected 303 gold pieces.

Inventory:

Jewellery
 e - an amulet of faith (around neck)
 o - a ring of magical power (left paw)
Wands
 k - a wand of paralysis (6)
Scrolls
 b - 4 scrolls of remove curse
 c - a scroll of random uselessness {unknown}
 d - 2 scrolls of immolation {unknown}
 f - 2 scrolls of magic mapping
 g - a scroll of enchant armour {unknown}
 h - 6 scrolls of identify
 m - a scroll of enchant weapon {unknown}
 q - a scroll of teleportation {unknown}
 r - a scroll of fear {unknown}
Potions
 a - a potion of heal wounds
 i - a potion of haste {unknown}
 j - 4 potions of curing
 l - a potion of resistance {unknown}
 n - a potion of degeneration {unknown}
 p - a potion of cancellation {unknown}
 s - a potion of brilliance {unknown}


   Skills:
 + Level 3.7 Fighting
 - Level 2.6 Dodging
 - Level 2.6 Stealth
 + Level 4.1 Spellcasting
 * Level 6.4 Ice Magic


You had one spell level left.
You knew the following spells:

 Your Spells              Type           Power        Failure   Level
a - Freeze                Ice            ####         1%          1
b - Frozen Ramparts       Ice            ####..       3%          3
c - Ozocubu's Armour      Ice            ####....     3%          3
d - Summon Ice Beast      Ice/Summ       ###.....     34%         4

Your spell library contained the following spells:

 Spells                   Type           Power        Failure   Level
 Hailstorm                Conj/Ice       ###.....     34%         4


Dungeon Overview and Level Annotations

Branches:
Dungeon (6/15)
 Temple: D:4-7

Altars:
Cheibriados
Fedhas
Kikubaaqudgha
Makhleb
Okawaru
Qazlal
Zin

Shops:
D:5 (*

Annotations:
D:4 Grinder


Innate Abilities, Weirdness & Mutations

You cannot wear armour.
You are incapable of wielding weapons or throwing items.
Your paws allow you to move quietly. (Stealth)
You have sharp claws.
You have razor-sharp teeth.
You have supernaturally acute eyesight. (SInv)
You cover ground quickly.
You are covered in thick fur. (AC +2)
Your sharp claws are effective at attacking unaware monsters.


Message History

The wight hits you with a +3 halberd of freezing.
The wight freezes you.
You completely miss the wight.
The wight hits you with a +3 halberd of freezing!
The wight freezes you.
You are too injured to fight recklessly!
You are too injured to fight recklessly!
You are too injured to fight recklessly!
You are too injured to fight recklessly!
You are too injured to fight recklessly!
You are too injured to fight recklessly!
You scratch the wight but do no damage. The wight closely misses you.
You scratch the wight but do no damage. The wight misses you.
You scratch the wight but do no damage. The wight misses you.
You barely miss the wight. You scratch the wight but do no damage.
The wight closely misses you.
You scratch the wight but do no damage. You bite the wight, but do no damage.
The wight hits you with a +3 halberd of freezing!
Ouch! That really hurt!
You die...

......# ### ###
......# #.. ..#
......### ###.# #.#
#.......# ...# #!#
#.......# ###..#
#.# #.......###
..#..# #)#
##..#.....# #
#z#..# #.#
#..#.....# #.#z#z.#
#.# ##.#.....#
#.#@#..# #.#
#.>.....+ #.)<#.z#
#.#
###.....######.#..#
#.#
#[............#..#
#.#
#.###########....#
#.# #. #.#..# #ยง#
#. #.#.#####.## #.
#.#........#
#[##########


You could see 2 wights.

Vanquished Creatures
  An ogre (D:4)
  2 bullfrogs
  A wight (D:6)
  A bullfrog zombie (D:6)
  4 hounds
  3 orc wizards
  2 worker ants
  2 hound skeletons
  3 adders
  A white imp (D:5)
  An ufetubus (D:6)
  An ooze (D:2)
  2 worms
  A dart slug (D:3)
  4 leopard geckos
  12 orcs
  A ball python (D:2)
  12 bats
  7 giant cockroaches
  5 goblins
  8 hobgoblins
  8 jackals
  2 quokkas
  3 frilled lizards
  10 kobolds
  6 rats
103 creatures vanquished.

Vanquished Creatures (others)
  A rat (D:3)
1 creature vanquished.

Grand Total: 104 creatures vanquished

Notes
Turn   | Place    | Note
-------+----------+-------------------------------------------
     0 | D:1      | night the Felid Ice Elementalist began the quest for the
                  | Orb.
     0 | D:1      | Reached XP level 1. HP: 7/7 MP: 4/4
   302 | D:1      | Reached XP level 2. HP: 12/12 MP: 4/6
   731 | D:1      | Reached skill level 4 in Ice Magic
  1343 | D:2      | Found a burning altar of Makhleb.
  1366 | D:2      | Reached skill level 1 in Fighting
  1403 | D:2      | Reached XP level 3. HP: 14/15 MP: 5/7
  1407 | D:2      | Learned a level 3 spell: Frozen Ramparts
  2182 | D:2      | Found an ancient bone altar of Kikubaaqudgha.
  2235 | D:2      | Found a stormy altar of Qazlal.
  2466 | D:3      | Found an iron altar of Okawaru.
  2729 | D:3      | Reached XP level 4. HP: 13/19 MP: 3/8
  3259 | D:3      | Reached skill level 2 in Fighting
  3448 | D:3      | Found a blossoming altar of Fedhas.
  3655 | D:4      | Reached XP level 5. HP: 20/22 MP: 7/10
  3659 | D:4      | Learned a level 3 spell: Ozocubu's Armour
  3878 | D:4      | Reached skill level 5 in Ice Magic
  4198 | D:4      | Found a blossoming altar of Fedhas.
  4278 | D:4      | Gained mutation: You are covered in thick fur. (AC +2)
                  | [Felid growth]
  4278 | D:4      | Reached XP level 6. HP: 13/27 MP: 5/12
  4443 | D:4      | HP: 4/27 [hound skeleton (3)]
  4761 | D:4      | Learned a level 4 spell: Summon Ice Beast
  4779 | D:4      | Noticed Grinder
  4895 | D:4      | HP: 4/28 [Grinder (2)]
  4907 | D:4      | Paralysed by Grinder for 7 turns
  4918 | D:5      | Entered Level 5 of the Dungeon
  5118 | D:5      | Found a glowing silver altar of Zin.
  5133 | D:5      | Found Ymuip's Weapon Shop.
  5370 | D:5      | Found a stormy altar of Qazlal.
  5572 | D:5      | Found Zin's Purification Station.
  5624 | D:5      | Reached skill level 6 in Ice Magic
  5740 | D:5      | Reached XP level 7. HP: 31/31 MP: 13/13
  6019 | D:6      | HP: 4/29 [wight/+3 halberd of freezing (2)]
  6019 | D:6      | Slain by a wight
  6020 | D:6      | Reached XP level 6. HP: 0/26 MP: 14/21
  6020 | D:6      | Found a snail-covered altar of Cheibriados.
  6382 | D:6      | HP: 4/28 [bullfrog zombie (5)]
  6392 | D:6      | HP: 2/28 [bullfrog zombie (3)]
  6394 | D:6      | Slain by a bullfrog zombie
  6395 | D:6      | Reached XP level 5. HP: -1/25 MP: 21/21
  6464 | D:6      | Slain by a wight

Illustrated notes

Levels and vault maps discovered:
D:1:      nzn_arrival_depleted_hourglass, layout_basic, minmay_ruptured
D:2:      layout_basic, lemuel_doored_altar,
          chequers_temple_overflow_statue_of_worship,
          chequers_serial_rivers_micro_c
D:3:      layout_basic, nicolae_overflow_hidden_temple, st_stairs_6,
          okawaru_gym_becter
D:4:      layout_basic, serial_curves, eino_curves_02, eino_curves_02,
          eino_curves_03, chequers_serial_rivers_marsh, kennysheep_flooded_box,
          uniq_grinder
D:5:      layout_gridville, zin_purify, cheibrodos_sewer_entry_bend,
          serial_shops, nicolae_shop_temple_entry_statues_fountains,
          grunt_qazlal_clouds
D:6:      wad_river_or_something, layout_basic, general_overflow_altar,
          gammafunk_temple_overflow_arena, nicolae_overflow_crystal_walls,
          minmay_joined_circles, uniq_sigmund

Skill      XL: |  1  2  3  4  5  6 |
---------------+-------------------+-----
Ice Magic      | 4 5 6 |  6.4
Fighting       | 1 2 3 |  3.7
Spellcasting   | 3 4 |  4.1
Dodging        | |  2.6
Stealth        | |  2.6

Action                   |  1- 3 |  4- 6 |  7- 9 || total
-------------------------+-------+-------+-------++-------
Melee: Unarmed           |    26 |   132 |    10 ||   168
       Bite              |     6 |    15 |     2 ||    23
 Cast: Freeze            |    56 |    33 |     1 ||    90
       Frozen Ramparts   |     6 |    20 |     1 ||    27
       Summon Ice Beast  |       |       |     4 ||     4
       Ozocubu's Armour  |       |       |     1 ||     1
Evoke: Wand              |       |    14 |     1 ||    15
  Use: Scroll            |       |     4 |       ||     4
       Potion            |       |     1 |       ||     1
 Stab: Sleeping          |     3 |     3 |       ||     6
Armor: Skin              |     5 |     7 |     1 ||    13
Dodge: Dodged            |    72 |   145 |    12 ||   229

Table legend: (Time is in decaauts)
 A = Elapsed time spent in this place.
 B = Non-inter-level travel time spent in this place.
 C = Inter-level travel time spent in this place.
 D = Time resting spent in this place.
 E = Time spent auto-exploring this place.
 F = Levels seen in this place.
 G = Mean time per level.
                   A        B        C        D        E       F      G
               +--------+--------+--------+--------+--------+-----+--------+
         Total |   5890 |   5794 |     96 |   1698 |   3066 |   6 |  981.7 |
       Dungeon |   5890 |   5794 |     96 |   1698 |   3066 |   6 |  981.7 |
               +--------+--------+--------+--------+--------+-----+--------+

Top non-repeatable levels by time:
     D:2: 1305 daAuts
     D:4: 1174 daAuts
     D:3: 1030 daAuts
     D:1: 946 daAuts
     D:5: 904 daAuts
     D:6: 530 daAuts
